 Dungeon Crawl Stone Soup version 0.29-a0-1065-g47a6bb87d6 (webtiles) character file.

Game seed: 12317329449133014443

51662 siradein the Black Sun (level 14, -2/110 HPs)
             Began as a Demonspawn Necromancer on Aug 18, 2022.
             Was a High Priest of Kikubaaqudgha.
             Slain by an orc
             ... wielding a +0 flail
              (3 damage)
             ... on level 1 of the Orcish Mines on Aug 19, 2022.
             The game lasted 01:35:45 (23568 turns).

siradein the Black Sun (Demonspawn Necromancer)    Turns: 23568, Time: 01:35:45

Health: -2/110     AC: 27    Str: 12    XL:     14   Next: 24%
Magic:  14/46      EV: 11    Int: 20    God:    Kikubaaqudgha [*****.]
Gold:   1194       SH:  8    Dex: 18    Spells: 11/34 levels left

rFire   . . .      SeeInvis .   a - +0 dagger (pain)
rCold   + . .      Faith    .   L - +3 buckler "Koax" {rCorr}
rNeg    . . .      Spirit   .   O - +1 leather armour of Voq Piost {rElec rC+ Str+3 Dex+3}
rPois   .          Reflect  .   S - +2 hat
rElec   +          Harm     .   B - +0 cloak
rCorr   +          Rampage  ∞   g - +1 pair of gloves
Will    +....                   G - +3 pair of seven-league boots {Rampage+∞}
Stlth   ++........              D - amulet of regeneration
HPRegen 1.08/turn               e - ring of magical power
MPRegen 0.30/turn               K - ring of magical power

@: lethally poisoned (-2 -> -18), death channelling, sanguine armoured
A: horns 2, foul stench 3, spiny 1, sanguine armour 3
a: Renounce Religion, Unearth Wretches, Torment


You were on level 1 of the Orcish Mines.
You worshipped Kikubaaqudgha.
Kikubaaqudgha was extremely pleased with you.
You visited 4 branches of the dungeon, and saw 19 of its levels.
You also visited: Bailey.

You collected 1762 gold pieces.
You spent 568 gold pieces at shops.

Inventory:

Hand Weapons
 a - a +0 dagger of pain (weapon)
 c - a +5 dagger
 J - a +2 falchion of venom
 M - the +9 war axe of Beogh's Wrath {drain, rPois Stlth+}
   (You found it on level 11 of the Dungeon)

   A truly terrible weapon, it drains the life of any living foe it strikes.
   rPois:     It protects you from poison.
   Stlth:     It makes you more stealthy.
Missiles
 y - 6 curare-tipped darts
Armour
 g - a +1 pair of gloves (worn)
 B - a +0 cloak (worn)
 G - the +3 pair of seven-league boots (worn) {Rampage+∞}
   (You acquired it on level 5 of the Lair of Beasts)

   Its wearer moves as far as possible in that direction when moving towards
   enemies.
 L - the +3 buckler "Koax" (worn) {rCorr}
   (You acquired it on level 1 of the Lair of Beasts)

   rCorr:     It protects you from acid and corrosion.
 O - the +1 leather armour of Voq Piost (worn) {rElec rC+ Str+3 Dex+3}
   (You bought it in a shop on level 11 of the Dungeon)

   Str:       It affects your strength (+3).
   Dex:       It affects your dexterity (+3).
   rC:        It protects you from cold.
   rElec:     It insulates you from electricity.
 S - a +2 hat (worn)
Jewellery
 e - a ring of magical power (left hand)
 l - a ring of resist corrosion
 v - a +6 ring of dexterity
 D - an amulet of regeneration (around neck)
 E - a ring of fire
 K - a ring of magical power (right hand)
 W - a +6 ring of strength
 Y - a ring of wizardry
Wands
 h - a wand of digging (12)
 Q - a wand of flame (31)
 R - a wand of roots (4)
 T - a wand of mindburst (10)
 U - a wand of charming (13)
 V - a wand of quicksilver (4)
Scrolls
 f - 2 scrolls of magic mapping
 j - 2 scrolls of torment
 k - 4 scrolls of blinking
 m - 3 scrolls of butterflies
 o - 6 scrolls of fear
 p - 4 scrolls of vulnerability
 q - a scroll of summoning
 s - 4 scrolls of teleportation
 u - 4 scrolls of amnesia
 x - 3 scrolls of immolation
 N - 3 scrolls of poison
 Z - a scroll of identify
Potions
 b - a potion of magic
 d - 2 potions of flight
 i - 8 potions of lignification
 n - 12 potions of curing
 r - 3 potions of attraction
 t - a potion of cancellation
 w - 2 potions of might
 z - 5 potions of mutation
 A - 4 potions of haste
 C - a potion of invisibility
 F - 2 potions of heal wounds
 I - a potion of berserk rage
 P - a potion of ambrosia
Miscellaneous
 H - a tin of tremorstones (2/2)
 X - a phantom mirror


   Skills:
 - Level 10.0 Fighting
 - Level 10.0 Short Blades
 + Level 9.4 Armour
 - Level 1.7 Dodging
 - Level 1.7 Stealth
 - Level 4.0 Shields
 + Level 10.7 Spellcasting
 + Level 13.1 Necromancy
 + Level 6.6 Earth Magic


You had 11 spell levels left.
You knew the following spells:

 Your Spells              Type           Power      Damage    Failure   Level
a - Borgnjor's Vile Clut  Necr/Erth      25%        N/A       4%          5
b - Vampiric Draining     Necr           59%        2d10      1%          3
c - Animate Dead          Necr           59%        N/A       1%          4
d - Dispel Undead         Necr           59%        3d21      1%          4
e - Death Channel         Necr           29%        N/A       7%          6
f - Necrotise             Necr           100%       1d9       1%          1

Your spell library contained the following spells:

 Spells                   Type           Power      Damage    Failure   Level
 Sublimation of Blood     Necr           59%        N/A       1%          2
 Agony                    Necr           59%        N/A       1%          5
 Apportation              Tloc           20%        N/A       11%         1
 Sting                    Tmut/Pois      40%        1d5       11%         1
 Summon Small Mammal      Summ           40%        N/A       11%         1
 Poisonous Vapours        Pois/Air       20%        N/A       16%         2
 Corpse Rot               Necr/Pois/Air  28%        N/A       17%         4
 Leda's Liquefaction      Hex/Erth       12%        N/A       26%         4
 Call Canine Familiar     Summ           10%        N/A       30%         3
 Gell's Gravitas          Tloc           10%        N/A       30%         3
 Lesser Beckoning         Tloc           10%        N/A       30%         3
 Portal Projectile        Hex/Tloc       20%        N/A       30%         3
 Teleport Other           Tloc           10%        N/A       30%         3
 Tukima's Dance           Hex            10%        N/A       30%         3
 Olgreb's Toxic Radiance  Pois           10%        N/A       71%         4
 Blade Hands              Tmut           5%         N/A       96%         5
 Dispersal                Tloc           5%         N/A       100%        6


Dungeon Overview and Level Annotations

Branches:
Dungeon (12/15)            Temple (1/1) D:6            Lair (5/5) D:9
  Swamp (0/4) Lair:2        Snake (0/4) Lair:2        Slime (0/5) Lair:5
    Orc (1/2) D:9          Bailey (visited)

Altars:
Ashenzari
Cheibriados
Dithmenos
Fedhas
Gozag
Hepliaklqana
Kikubaaqudgha
Makhleb
Nemelex Xobeh
Okawaru
Qazlal
Ru
Sif Muna
Trog
Uskayaw
Vehumet
Wu Jian
Xom
Yredelemnul
Jiyva

Shops:
D:1 *   D:5 :   D:8 [**[!   D:11 [

Portals:
Hell: Lair:5

Annotations:
D:12 1 runed translucent door


Innate Abilities, Weirdness & Mutations

You have a pair of horns on your head.
You frequently emit foul miasma when damaged in melee.
You are partially covered in sharp spines.
When seriously injured, your blood forms very thick armour. (AC +12)


Message History

* * * LOW HITPOINT WARNING * * *
You block the orc knight's attack.
The orc priest hits your spectral orc with a +4 dagger of protection.
The orc hits your orc warlord zombie but does no damage.
The orc hits your orc warlord zombie with a +0 dagger.
You block the orc's attack.
Your orc warrior zombie barely misses the orange demon.
Your spectral orc barely misses the orc knight.
Your ogre zombie hits the ice devil.
Your orc warlord zombie barely misses the orc.
The orange demon completely misses you.
Your spectral orc hits the orange demon but does no damage.
Your spectral orc hits the orc knight but does no damage.
Your spectral orc misses the orc.
Your spectral orc warrior hits the orc priest.
Your spectral orc warrior drains the orc priest.
Your spectral orc sorcerer hits the orc priest but does no damage.
The ice devil hits you but does no damage.
The soul eater hits your orc warlord zombie!
Unknown command.
Unknown command.
Casting: Vampiric Draining (safe; 1% risk of failure)
Confirm with . or Enter, or press ? or * to list all spells.
Aiming: Vampiric Draining (safe; 1% risk of failure)
Press: ? - help, Shift-Dir - straight line, f/p - orc sorcerer
Aim: an orc sorcerer, wielding a +0 dagger and wearing a +0 robe (foul pestilence, almost dead, strong, very poisoned, ally target)
You draw life force from the orc sorcerer!
You kill the orc sorcerer!
Kikubaaqudgha accepts your kill.
The orange demon disappears in a puff of smoke!
The soul eater disappears in a puff of smoke!
The ice devil disappears in a puff of smoke!
You feel life coursing into your body.
A glowing mist starts to gather...
* * * LOW HITPOINT WARNING * * *
You feel very sick.
The orc knight hits you but does no damage.
You are more poisoned.
The orc is struck by your spines. The orc hits you with a +0 flail.
You die...
Kikubaaqudgha rasps: "You have failed me!
Welcome... death!"

.....# ##Z..#
....#...###....#
.........#Z...##
#..........###
.##....#..#.##
.......ZZ..##
..#..oZ§#.#.## ..
..o.Z§○§Z#...# #.$
.....oZ@Z...###...
.....ooZ..Z......#
#....Z.o>oZ.......
#........o........
....#...Z.......#.
.#...........####
..........)...#
..#.#..#.......#
###..........#


You could see an orc knight (drained), 2 orc warriors, 2 orc priests, 3 orcs, 3
friendly spectral orcs, a friendly spectral orc warrior, a friendly spectral orc
priest, 2 friendly spectral orc sorcerers, a friendly orc zombie, a friendly orc
warlord zombie and a friendly ogre zombie.

Vanquished Creatures
  An orc warlord (Orc:1)
  A dire elephant (Lair:5)
  Fannar (Orc:1)
  4 hydras
  2 boulder beetles
  3 death yaks
  2 orc high priests (Bailey)
  A wizard (Lair:5)
  3 bog bodies (Lair:2)
  2 orc knights (Bailey)
  Pikel (D:6)
  A wolf spider (Lair:1)
  A cyclops (D:12)
  3 orc sorcerers (Orc:1)
  2 ugly things (D:12)
  A manticore (D:12)
  6 black mambas
  2 orange demons (Lair:5)
  4 elephants
  5 cane toads
  A gargoyle (D:10)
  5 rime drakes
  9 komodo dragons
  A hellwing (Lair:5)
  2 ice devils (Lair:5)
  3 trolls
  A polar bear (Lair:5)
  2 slime creatures (D:11)
  11 blink frogs
  Sigmund (D:3)
  6 dream sheep (Lair:5)
  2 wraiths
  2 wyverns
  17 yaks
  2 vampires
  A shadow (D:12)
  A steam dragon (Lair:4)
  A basilisk (Lair:3)
  2 wargs (Orc:1)
  4 nagas (Lair:2)
  2 acid dragons
  8 water moccasins
  3 hell hounds (Lair:5)
  18 orc warriors
  An ice beast (D:6)
  2 black bears
  4 centaurs
  17 wolves
  6 ogres
  4 lemures
  A phantom (D:4)
  2 kobold brigands
  9 bullfrogs
  A necrophage (D:4)
  A gnoll sergeant (D:9)
  5 scorpions
  4 wights (D:10)
  9 killer bees
  8 electric eels
  3 howler monkeys
  A crimson imp (D:4)
  9 jellies
  7 orc priests
  2 gnoll boudas
  Crazy Yiuf (D:3)
  3 hounds
  An iguana (D:7)
  14 orc wizards
  Natasha (D:3)
  Robin (D:4)
  16 gnolls
  14 adders
  A shadow imp (D:5)
  2 white imps
  2 ufetubi
  2 worms (D:2)
  2 dart slugs (D:1)
  63 orcs
  4 ball pythons
  A bat (D:1)
  6 endoplasms
  21 goblins
  12 hobgoblins
  11 kobolds
  6 quokkas
  3 frilled lizards
  3 rats
  A spectral kobold (D:1)
438 creatures vanquished.

Vanquished Creatures (collateral kills)
  A hydra (D:11)
  2 death yaks (Lair:2)
  A sixfirhy (Lair:5)
  An orc sorcerer (Orc:1)
  A manticore (D:12)
  3 elephants (Lair:4)
  An orange demon (Lair:5)
  A cane toad (Lair:2)
  A komodo dragon (D:11)
  A polar bear (Lair:4)
  2 slime creatures (D:11)
  A dream sheep (Lair:5)
  A blink frog (Lair:3)
  3 shadows
  6 yaks
  3 basilisks
  2 hell hounds (Lair:5)
  5 water moccasins
  5 orc warriors
  3 wolves
  A centaur (D:9)
  A wight (D:10)
  2 electric eels
  2 orc priests
  An iguana (D:9)
  An orc wizard (D:8)
  2 gnolls
  5 orcs
  2 goblins
  A bat (D:1)
62 creatures vanquished.

Vanquished Creatures (others)
  A cane toad (Lair:2)
  A death yak zombie (Lair:2)
  A blink frog (Lair:5)
  A cane toad zombie (Lair:4)
  An elephant zombie (Lair:4)
  4 blink frog zombies (Lair:5)
  2 komodo dragon zombies
  A wyvern zombie (D:9)
  A water moccasin zombie (D:9)
  5 yak zombies
  A warg zombie (Orc:1)
  A troll zombie (D:11)
  4 wolf zombies
  3 bullfrog zombies
  A naga zombie (Lair:2)
  An ogre zombie (Orc:1)
  A howler monkey zombie (D:10)
  An iguana zombie (D:9)
  An orc (Bailey)
  2 gnoll zombies (D:9)
  A goblin zombie (D:9)
  2 hobgoblin zombies (Bailey)
  14 orc zombies
  40 fungi
  97 plants
  4 withered plants (D:9)
192 creatures vanquished.

Grand Total: 692 creatures vanquished

Notes
Turn   | Place    | Note
-------+----------+-------------------------------------------
     0 | D:1      | siradein the Demonspawn Necromancer began the quest for the
                  | Orb.
     0 | D:1      | Reached XP level 1. HP: 13/13 MP: 3/3
   316 | D:1      | Found a faded altar of an unknown god.
   335 | D:1      | Gained mutation: When seriously injured, your blood forms
                  | armour. (AC +12) [demonic ancestry]
   335 | D:1      | Reached XP level 2. HP: 18/18 MP: 5/5
   770 | D:1      | Reached skill level 1 in Fighting
   997 | D:1      | Found Zyicyvao's Assorted Antiques.
  1082 | D:1      | Reached skill level 1 in Armour
  1386 | D:1      | Gained mutation: You are partially covered in sharp spines.
                  | [demonic ancestry]
  1386 | D:1      | Reached XP level 3. HP: 23/26 MP: 6/6
  1390 | D:1      | Learned a level 3 spell: Vampiric Draining
  1929 | D:2      | Reached XP level 4. HP: 7/32 MP: 7/7
  2478 | D:2      | Learned a level 4 spell: Animate Dead
  2483 | D:3      | Noticed Sigmund
  2708 | D:3      | Killed Sigmund
  2709 | D:3      | Reached skill level 1 in Short Blades
  2709 | D:3      | Reached skill level 5 in Necromancy
  2709 | D:3      | Gained mutation: You may rarely emit foul miasma when
                  | damaged in melee. [demonic ancestry]
  2709 | D:3      | Reached XP level 5. HP: 39/39 MP: 7/9
  2861 | D:3      | You fall into a shaft and drop 2 floors!
  2861 | D:5      | Entered Level 5 of the Dungeon
  2947 | D:4      | Reached XP level 6. HP: 35/46 MP: 10/10
  3286 | D:3      | Noticed Natasha
  3295 | D:3      | Killed Natasha
  3406 | D:3      | Found a runed translucent door.
  3407 | D:3      | Noticed Crazy Yiuf
  4213 | D:4      | Gained mutation: You have a pair of small horns on your
                  | head. [demonic ancestry]
  4213 | D:4      | Reached XP level 7. HP: 44/52 MP: 12/12
  4538 | D:4      | Noticed Robin
  4553 | D:4      | Killed Robin
  4822 | D:4      | Found a shimmering altar of Xom.
  4822 | D:4      | Found a burning altar of Makhleb.
  5220 | D:5      | Reached skill level 6 in Necromancy
  5418 | D:5      | Found Giesu's Self-Improvement Boutique.
  5476 | D:5      | Gained mutation: You sometimes emit foul miasma when
                  | damaged in melee. [demonic ancestry]
  5476 | D:5      | Reached XP level 8. HP: 60/60 MP: 14/14
  5622 | D:5      | Found a shimmering blue altar of Sif Muna.
  5659 | D:5      | Identified the +1 plate armour of Lethargy {Str+2}
  6095 | D:6      | Noticed Pikel
  6584 | D:6      | HP: 1/61 [gnoll/+0 halberd[a gnoll bouda] (7)]
  7049 | D:6      | Killed Pikel
  7050 | D:6      | Reached skill level 5 in Fighting
  7050 | D:6      | Reached skill level 5 in Spellcasting
  7050 | D:6      | Reached skill level 7 in Necromancy
  7233 | D:6      | Found a staircase to the Ecumenical Temple.
  7239 | Temple   | Entered the Ecumenical Temple
  7657 | D:7      | HP: 1/62 [wyvern (12)]
  7659 | D:7      | Gained mutation: You have a pair of horns on your head.
                  | [demonic ancestry]
  7659 | D:7      | Reached XP level 9. HP: 7/68 MP: 12/16
  8388 | D:7      | Reached skill level 5 in Armour
  8821 | D:8      | Found an ornate altar of the Wu Jian Council.
  9097 | D:8      | Found Myeqapt's Antique Armour Shoppe.
  9119 | D:8      | Found Vigok's Assorted Antiques.
  9219 | D:8      | Reached skill level 5 in Short Blades
  9362 | D:8      | Found Rojof's Assorted Antiques.
  9399 | D:8      | Found Egoat's Antique Armour Emporium.
  9403 | D:8      | HP: 3/69 [electric eel/bolt of electricity (9)]
  9813 | D:8      | Found Jedeunn's Distillery.
  9863 | D:8      | Reached skill level 8 in Necromancy
 10288 | D:9      | Found a flagged portal.
 10297 | Bailey   | Entered a bailey
 10398 | Bailey   | Noticed an orc knight
 10406 | Bailey   | Killed an orc knight
 10545 | Bailey   | Gained mutation: You frequently emit foul miasma when
                  | damaged in melee. [demonic ancestry]
 10545 | Bailey   | Reached XP level 10. HP: 25/77 MP: 11/19
 10631 | Bailey   | Noticed an orc high priest
 10632 | Bailey   | Found an iron altar of Okawaru.
 10633 | Bailey   | Noticed an orc high priest
 10642 | Bailey   | Killed an orc high priest
 10649 | Bailey   | Noticed a smoke demon
 10649 | Bailey   | Killed an orc high priest
 10650 | Bailey   | Reached skill level 9 in Necromancy
 11123 | Bailey   | Noticed an orc knight
 11132 | Bailey   | Killed an orc knight
 11439 | D:9      | Reached skill level 1 in Shields
 11490 | D:9      | Found a staircase to the Lair.
 11609 | D:9      | Noticed a boulder beetle
 11653 | D:9      | Gained mutation: When seriously injured, your blood forms
                  | thick armour. (AC +12) [demonic ancestry]
 11653 | D:9      | Reached XP level 11. HP: 29/86 MP: 22/22
 11662 | D:9      | Killed a boulder beetle
 11818 | D:9      | Found an ancient bone altar of Kikubaaqudgha.
 11832 | D:9      | Became a worshipper of Kikubaaqudgha
 11978 | D:9      | Found a staircase to the Orcish Mines.
 12004 | D:9      | Reached * piety under Kikubaaqudgha
 12004 | D:9      | Received a gift from Kikubaaqudgha
 12094 | D:9      | Reached skill level 10 in Necromancy
 12159 | D:9      | Identified the +10 rapier "Empycu" {drain, rC++ Str-2}
 12319 | D:9      | Found an iron altar of Okawaru.
 12546 | D:10     | Entered Level 10 of the Dungeon
 12855 | D:10     | Reached ** piety under Kikubaaqudgha
 13346 | D:10     | Noticed a purple ugly thing
 13347 | D:10     | Noticed an orc knight
 14097 | D:11     | Noticed a six-headed hydra
 14109 | D:11     | Killed a six-headed hydra
 14198 | D:11     | Noticed a five-headed hydra
 14206 | D:11     | Killed a five-headed hydra
 14239 | D:11     | Identified the +9 war axe of Beogh's Wrath {drain, rPois
                  | Stlth+}
 14381 | D:11     | Found Wecanec's Armour Shoppe.
 14386 | D:11     | Bought the +1 leather armour of Voq Piost {rElec rC+ Str+3
                  | Dex+3} for 568 gold pieces
 14506 | D:11     | Reached *** piety under Kikubaaqudgha
 14506 | D:11     | Received a gift from Kikubaaqudgha
 14512 | D:11     | Learned a level 4 spell: Dispel Undead
 14519 | D:11     | Learned a level 6 spell: Death Channel
 14525 | D:11     | Learned a level 5 spell: Borgnjor's Vile Clutch
 14676 | D:11     | Reached XP level 12. HP: 43/94 MP: 24/24
 14992 | Lair:1   | Entered Level 1 of the Lair of Beasts
 14993 | Lair:1   | Identified the +4 war axe "Umac" {vorpal, rN+ SInv}
 15041 | Lair:1   | Reached skill level 1 in Earth Magic
 15179 | Lair:1   | Acquired the +3 buckler "Koax" {rCorr}
 15455 | Lair:1   | Reached skill level 11 in Necromancy
 15615 | Lair:1   | You fall into a shaft and drop 1 floor!
 15659 | Lair:2   | Found a staircase to the Snake Pit.
 16030 | Lair:2   | Noticed a death yak
 16031 | Lair:2   | Noticed a death yak
 16032 | Lair:2   | Noticed a death yak
 16033 | Lair:2   | Noticed a death yak
 16037 | Lair:2   | Noticed a death yak
 16044 | Lair:2   | Killed a death yak
 16813 | Lair:1   | Killed a death yak
 16852 | Lair:1   | Killed a death yak
 17069 | Lair:2   | Reached **** piety under Kikubaaqudgha
 17095 | Lair:2   | Found a staircase to the Swamp.
 17271 | Lair:2   | Killed a death yak
 17276 | Lair:2   | Killed a death yak
 17353 | Lair:2   | Reached XP level 13. HP: 102/103 MP: 26/26
 17690 | Lair:3   | Reached skill level 10 in Fighting
 18721 | Lair:4   | Reached skill level 12 in Necromancy
 19510 | Lair:5   | Entered Level 5 of the Lair of Beasts
 19512 | Lair:5   | Acquired the +3 pair of seven-league boots {Rampage+∞}
 19512 | Lair:5   | Found the +3 pair of seven-league boots {Rampage+∞}
 19535 | Lair:5   | Reached skill level 5 in Earth Magic
 19564 | Lair:5   | Found a viscous altar of Jiyva.
 19564 | Lair:5   | Found a staircase to the Slime Pits.
 19874 | Lair:5   | Reached ***** piety under Kikubaaqudgha
 19949 | Lair:5   | Reached skill level 10 in Spellcasting
 20105 | Lair:5   | Noticed a dire elephant
 20115 | Lair:5   | Killed a dire elephant
 20340 | Lair:5   | Found a burning altar of Makhleb.
 20503 | Lair:5   | Found a gateway to Hell.
 21704 | D:3      | Killed Crazy Yiuf
 21929 | D:12     | Reached skill level 10 in Short Blades
 21929 | D:12     | Gained mutation: When seriously injured, your blood forms
                  | very thick armour. (AC +12) [demonic ancestry]
 21929 | D:12     | Reached XP level 14. HP: 110/110 MP: 27/28
 22159 | D:12     | Found a runed translucent door.
 23036 | Orc:1    | Entered Level 1 of the Orcish Mines
 23048 | Orc:1    | Noticed an orc warlord
 23064 | Orc:1    | Reached skill level 13 in Necromancy
 23070 | Orc:1    | Killed an orc warlord
 23328 | Orc:1    | Noticed Fannar
 23335 | Orc:1    | Killed Fannar
 23566 | Orc:1    | HP: 5/110 [orc knight/+0 glaive of venom (23)]
 23567 | Orc:1    | HP: 2/110 [poisoned by an orc knight]
 23568 | Orc:1    | Slain by an orc

Illustrated notes

Levels and vault maps discovered:
D:1:      dpeg_arrival_round_b, layout_basic,
          dreamdust_ecumenical_altar_drowned_temple, serial_shops,
          nicolae_shop_window_shopping
D:2:      layout_rooms, hangedman_decor_push
D:3:      layout_rooms, serial_bayou_lagoon_a, uniq_crazy_yiuf_cottage,
          uniq_sigmund, uniq_natasha
D:4:      layout_layer_cave, grunt_temple_overflow_champion_of_chaos, uniq_robin
D:5:      layout_gridville, led_sif_pool, nicolae_shop_self_help
D:6:      layout_loops_ring, minmay_temple_entry_statues_pillars, uniq_pikel
D:7:      layout_basic
D:8:      layout_basic, nicolae_wu_jian_wuxing_cycle, serial_shops,
          nicolae_shop_overgrown_old_shop, nicolae_inconvenience_store,
          nicolae_shop_behind_doors, nicolae_shop_advertising_works
          [nicolae_subvault_shop_adworks], kennysheep_mini_moat
D:9:      layout_irregular_city, mainiacjoe_overflow_tiny_flanked,
          kiku_gazebo_garden_becter, minmay_lair_entry_grove, hiddenorc2_lemuel,
          enter_bailey_5, minmay_misc_feat_tower, hex_medium,
          lightli_fourway_metalbox
D:10:     layout_stronghold, grunt_ministairs_2, lightli_corner_chamber
D:11:     layout_irregular_city, serial_shops, kennysheep_little_box,
          kennysheep_nub
D:12:     layout_roguey, grunt_ministairs_13, minmay_st_funbox,
          kennysheep_cross_bottleneck, minmay_crystal_water,
          kennysheep_crisscross, hangedman_decor_lopped
Temple:   eino_temple_scatter_basement
Lair:1:   minmay_lair_venomous_thicket, layout_regular_city,
          serial_bayou_shore_a, grunt_megastairs_4
Lair:2:   layout_big_grid, nicolae_swamp_entry_splash_gauntlet,
          minmay_snake_entry_guardpost_small, serial_bayou,
          serial_bayou_lagoon_b, serial_bayou_pond_a, serial_bayou_crossing,
          serial_bayou_pond_e
Lair:3:   layout_cave_pods
Lair:4:   layout_long_grid
Lair:5:   evil_forest, layout_cave_pods, nicolae_slime_entry_slimehenge,
          bh_autumn_forest_stairs
Orc:1:    layout_caves, basic_altar, uniq_fannar

Skill      XL: |  1  2  3  4  5  6  7  8  9 10 11 12 13 14 |
---------------+-------------------------------------------+-----
Fighting       | 1 2 3 4 5 6 7 8 9 10 | 10.0
Armour         | 1 2 3 4 5 6 7 9 |  9.4
Short Blades   | 1 2 3 4 5 7 8 10 | 10.0
Spellcasting   | 3 4 5 6 7 8 9 10 | 10.7
Necromancy     | 5 6 7 8 9 10 11 12 13 | 13.1
Shields        | 1 4 |  4.0
Earth Magic    | 3 6 |  6.6
Dodging        | |  1.7
Stealth        | |  1.7

Action                   |  1- 3 |  4- 6 |  7- 9 | 10-12 | 13-15 || total
-------------------------+-------+-------+-------+-------+-------++-------
Melee: Unarmed           |    15 |       |       |       |       ||    15
       Short sword       |    44 |       |       |       |       ||    44
       Dagger            |    40 |    70 |   222 |   378 |   205 ||   915
       Punch             |     1 |     2 |     2 |     1 |       ||     6
       Headbutt          |       |       |    48 |    90 |    50 ||   188
       Falchion          |       |       |       |    15 |       ||    15
       War axe           |       |       |       |    21 |       ||    21
 Cast: Necrotise         |    12 |     2 |     2 |     2 |       ||    18
       Vampiric Draining |       |     3 |    60 |   150 |   123 ||   336
       Animate Dead      |       |       |     8 |    12 |    12 ||    32
       Dispel Undead     |       |       |       |     5 |     3 ||     8
       Borgnjor's Vile C |       |       |       |       |    23 ||    23
       Death Channel     |       |       |       |       |    12 ||    12
Invok: Unearth Wretches  |       |       |       |     1 |       ||     1
  Use: Scroll            |       |     5 |     7 |    12 |     7 ||    31
       Potion            |       |       |     5 |       |       ||     5
 Stab: Sleeping          |     2 |     2 |     2 |     1 |     4 ||    11
       Distracted        |       |       |       |     3 |     2 ||     5
       Paralysed         |       |       |       |     2 |       ||     2
Armor: Leather armour    |    17 |    13 |    78 |    48 |   105 ||   261
       Robe              |     3 |       |       |       |       ||     3
       Scale mail        |       |       |       |    48 |       ||    48
       Troll leather arm |       |       |       |    26 |       ||    26
       Acid dragon scale |       |       |       |    25 |       ||    25
Dodge: Dodged            |    51 |    25 |   132 |   229 |   136 ||   573
Block: Buckler           |       |       |       |   140 |   117 ||   257

Table legend: (Time is in decaauts)
 A = Elapsed time spent in this place.
 B = Non-inter-level travel time spent in this place.
 C = Inter-level travel time spent in this place.
 D = Time resting spent in this place.
 E = Time spent auto-exploring this place.
 F = Levels seen in this place.
 G = Mean time per level.
                   A        B        C        D        E       F      G
               +--------+--------+--------+--------+--------+-----+--------+
         Total |  23461 |  21916 |   1545 |    583 |  18005 |  20 | 1173.1 |
       Dungeon |  15213 |  13947 |   1266 |    583 |  11215 |  12 | 1267.8 |
        Temple |    225 |    180 |     45 |      0 |    156 |   1 |  225.0 |
          Lair |   6474 |   6240 |    234 |      0 |   5349 |   5 | 1294.8 |
  Orcish Mines |    513 |    513 |      0 |      0 |    413 |   1 |  513.0 |
        Bailey |   1035 |   1035 |      0 |      0 |    871 |   1 | 1035.0 |
               +--------+--------+--------+--------+--------+-----+--------+

Top non-repeatable levels by time:
  Lair:5: 1811 daAuts
     D:1: 1626 daAuts
     D:4: 1587 daAuts
     D:8: 1555 daAuts
     D:6: 1536 daAuts
     D:9: 1403 daAuts
  Lair:1: 1355 daAuts
  Lair:2: 1263 daAuts
     D:7: 1222 daAuts
    D:11: 1107 daAuts
     D:3: 1102 daAuts
     D:2: 1072 daAuts
  Lair:4: 1050 daAuts
    D:10: 1035 daAuts
  Bailey: 1035 daAuts
